 Dungeon Crawl Stone Soup version 0.31-a0-1-g4198be8af4 (webtiles) character file.

Game seed: 17509581329018641264

2762 voltaire321 the Nimble (level 9, -4/57 (69) HPs)
             Began as a Merfolk Gladiator on Apr 30, 2023.
             Was an Initiate of Gozag.
             Slain by a wight
             ... wielding a +0 dagger
              (7 damage)
             ... on level 8 of the Dungeon.
             The game lasted 00:42:55 (6721 turns).

voltaire321 the Nimble (Merfolk Gladiator)          Turns: 6721, Time: 00:42:55

HP:   -4/57 (69)    AC: 11    Str: 14    XL:     9   Next: 69%
MP:   9/9           EV: 17    Int:  8    God:    Gozag
Gold: 681           SH:  5    Dex: 19    Spells: 8/8 levels left

rFire   . . .        a - +0 trident
rCold   + . .        (no shield)
rNeg    . . .        w - +2 ring mail {rC+}
rPois   .            i - +2 helmet
rElec   .            A - +0 cloak
rCorr   .            (no gloves)
SInv    .            (no boots)
Will    .....        y - amulet of reflection
Stlth   +            (no ring)
HPRegen 0.29/turn    (no ring)
MPRegen 0.11/turn

%: reflection
@: heavily drained
A: (nimble swimmer 2), mertail
a: Renounce Religion, Potion Petition, Call Merchant, Bribe Branch


You were on level 8 of the Dungeon.
You worshipped Gozag.
Gozag was pleased with you.
You visited 2 branches of the dungeon, and saw 9 of its levels.

You collected 774 gold pieces.
You spent 50 gold pieces at shops.
You paid 43 gold pieces to Gozag.

Inventory:

Hand Weapons
 a - a +0 trident (weapon)
Missiles
 d - 4 throwing nets
 e - a javelin
 j - 24 poisoned darts (quivered)
 E - 6 silver javelins
Armour
 b - a +0 leather armour
 c - a +0 helmet
 i - a +2 helmet (worn)
 w - a +2 ring mail of cold resistance (worn)
 A - a +0 cloak (worn)
Jewellery
 m - a ring of ice
 y - an amulet of reflection (around neck)
Wands
 t - a wand of light (9)
 C - a wand of mindburst (8)
 F - a wand of iceblast (6)
Scrolls
 f - 7 scrolls of teleportation
 h - a scroll of enchant armour {unknown}
 l - 3 scrolls of noise {unknown}
 o - a scroll of poison {unknown}
 s - 2 scrolls of immolation {unknown}
 z - 4 scrolls of magic mapping {unknown}
 B - 3 scrolls of identify
 D - a scroll of butterflies {unknown}
Potions
 g - a potion of lignification {unknown}
 k - 2 potions of invisibility {unknown}
 n - a potion of berserk rage
 p - 2 potions of haste
 q - a potion of heal wounds
 r - 2 potions of brilliance
 u - 2 potions of attraction {unknown}
 v - 3 potions of curing {unknown}
 x - a potion of mutation {unknown}


   Skills:
 + Level 6.3 Fighting
 + Level 8.2 Polearms
 + Level 5.6 Throwing
 + Level 3.0 Armour
 * Level 11.0 Dodging


You had 8 spell levels left.
You didn't know any spells.
Your spell library contained the following spells:

 Spells                   Type           Power      Damage    Failure   Level
 Kiss of Death            Conj/Necr      0%         2d5       65%         1
 Confusing Touch          Hex            0%         N/A       95%         3
 Dispel Undead            Necr           0%         3d6       100%        4
 Passage of Golubria      Tloc           0%         N/A       100%        4
 Silence                  Hex/Air        0%         N/A       100%        5
 Lehudib's Crystal Spear  Conj/Erth      0%         10d2      100%        8


Dungeon Overview and Level Annotations

Branches:
Dungeon (8/15)             Temple (1/1) D:4
   Lair: D:8-11

Altars:
Cheibriados
Dithmenos
Elyvilon
Gozag
Hepliaklqana
Kikubaaqudgha
Makhleb
Qazlal
Ru
Sif Muna
Trog
Uskayaw
Vehumet
Wu Jian
Yredelemnul
Zin

Shops:
D:5 *?==

Annotations:
D:3 Pargi


Innate Abilities, Weirdness & Mutations

((You are very nimble when in or above water. (Stealth+, EV+, Speed+++)))
Your lower body shifts to a powerful aquatic tail in water.


Message History

* * * LOW HITPOINT WARNING * * *
There are monsters nearby!
You hit the wight.
The wight is lightly damaged.
The wight closely misses you. The wight barely misses you.
You closely miss the wight.
The wight is lightly damaged.
The wight hits you with a +0 dire flail!
* * * LOW HITPOINT WARNING * * *
You feel drained.
* * * LOW HITPOINT WARNING * * *
The wight misses you.
You hit the wight.
The wight is moderately damaged.
You block the wight's attack.
An orc wizard and an orc come into view.
The orc shouts!
You hear a shout! x2 2 wights come into view.
Found a scroll labelled NIDULA DILE.
You hit the wight.
The wight is lightly damaged.
The wight closely misses you. The wight misses you.
You closely miss the wight.
The wight is lightly damaged.
The wight barely misses you. The wight hits you with a +0 dagger.
* * * LOW HITPOINT WARNING * * *
You barely miss the wight.
The wight hits you but does no damage. x2
You block the wight's attack. The wight misses you.
You hit the wight but do no damage. You punch the wight, but do no damage.
The wight hits you but does no damage. The wight closely misses you.
The wight hits you with a +4 hand axe.
* * * LOW HITPOINT WARNING * * *
You feel drained. The wight closely misses you.
An orc wizard comes into view. It is wielding a +0 dagger.
You hit the wight.
The wight is lightly damaged.
The wight hits you but does no damage. The wight misses you.
The wight closely misses you. The wight hits you with a +0 dagger!
You die...
Your body crumbles into a pile of gold.

..
o..#############
....#..........#
....#..........#
..............#
#.....$.....#
##.....<....#
#ozz.......#
##@###...#....
#zz.#.##.....
###.#.# .....
?#.# .... ..#
... ... ... ..
###


You could see 4 wights, an orc wizard and an orc.

Vanquished Creatures
  Grinder (D:5)
  A hornet (D:7)
  Menkaure (D:5)
  A water moccasin (D:5)
  An ice beast (D:5)
  A phantom (D:6)
  Blork the orc (D:6)
  2 kobold brigands (D:6)
  3 bullfrogs
  A wyvern zombie (D:6)
  3 scorpions (D:6)
  A gnoll sergeant (D:7)
  A water moccasin zombie (D:6)
  5 wights
  A howler monkey (D:5)
  2 centaur zombies (D:6)
  2 bullfrog zombies (D:6)
  7 hounds
  2 jellies (D:5)
  2 orc priests (D:7)
  Jessica (D:2)
  Ijyb (D:3)
  2 iguanas (D:5)
  4 orc wizards
  A howler monkey zombie (D:6)
  6 gnolls
  10 adders
  2 white imps (D:7)
  2 ufetubi (D:6)
  4 dart slugs
  6 orcs
  5 ball pythons
  A bat (D:3)
  6 endoplasms
  A giant cockroach (D:4)
  6 goblins
  4 hobgoblins
  4 jackals (D:4)
  5 quokkas
  A frilled lizard (D:2)
  17 kobolds
  4 rats
  A spectral goblin (D:3)
133 creatures vanquished.

Vanquished Creatures (others)
  16 plants (D:6)
16 creatures vanquished.

Grand Total: 149 creatures vanquished

Notes
Turn   | Place    | Note
-------+----------+-------------------------------------------
     0 | D:1      | voltaire321 the Merfolk Gladiator began the quest for the
                  | Orb.
     0 | D:1      | Reached XP level 1. HP: 16/16 MP: 1/1
   599 | D:1      | Reached XP level 2. HP: 23/23 MP: 2/2
   805 | D:2      | Noticed Jessica
   818 | D:2      | Killed Jessica
   819 | D:2      | Reached XP level 3. HP: 24/28 MP: 3/3
   894 | D:2      | Reached skill level 5 in Dodging
  1133 | D:2      | Found a radiant altar of Vehumet.
  1152 | D:2      | You fall into a shaft and drop 1 floor!
  1160 | D:3      | Found a faded altar of an unknown god.
  1206 | D:3      | Reached XP level 4. HP: 34/34 MP: 4/4
  1212 | D:3      | Found a hazy altar of Hepliaklqana.
  1249 | D:3      | Noticed Ijyb
  1271 | D:3      | Killed Ijyb
  1501 | D:3      | Noticed Pargi
  1589 | D:3      | Found a radiant altar of Vehumet.
  1619 | D:3      | Reached XP level 5. HP: 41/41 MP: 5/5
  2287 | D:4      | Reached skill level 5 in Polearms
  2350 | D:4      | Found a shadowy altar of Dithmenos.
  2385 | D:4      | Reached skill level 6 in Dodging
  2797 | D:4      | Reached XP level 6. HP: 47/47 MP: 6/6
  2801 | D:4      | Found a staircase to the Ecumenical Temple.
  2807 | Temple   | Entered the Ecumenical Temple
  2828 | Temple   | Became a worshipper of Gozag Ym Sagoz the Greedy
  2878 | D:5      | Entered Level 5 of the Dungeon
  3058 | D:5      | Noticed an ice beast
  3071 | D:5      | Found a stormy altar of Qazlal.
  3109 | D:5      | Killed an ice beast
  3110 | D:5      | Reached skill level 7 in Dodging
  3136 | D:5      | Reached XP level 7. HP: 42/54 MP: 7/7
  3561 | D:5      | Noticed a water elemental
  3562 | D:5      | Noticed a fire elemental
  3562 | D:5      | Noticed an air elemental
  3573 | D:5      | Found Mughad Nish's Assorted Antiques.
  3576 | D:5      | Found Ryef's Jewellery Boutique.
  3577 | D:5      | Found Ikhloeri's Magic Scroll Boutique.
  3578 | D:5      | Found Miguatz's Jewellery Boutique.
  3585 | D:5      | Bought a scroll of identify for 20 gold pieces
  3585 | D:5      | Bought a scroll of teleportation for 30 gold pieces
  3780 | D:5      | Noticed Grinder
  3791 | D:5      | Killed Grinder
  3792 | D:5      | Reached skill level 1 in Armour
  3792 | D:5      | Reached skill level 8 in Dodging
  3792 | D:5      | Reached XP level 8. HP: 61/61 MP: 8/8
  3881 | D:5      | Noticed Menkaure
  3899 | D:5      | Killed Menkaure
  4139 | D:6      | Found a hide-covered altar of Uskayaw.
  4205 | D:6      | Reached skill level 5 in Fighting
  4519 | D:6      | Reached skill level 9 in Dodging
  4542 | D:6      | Noticed Blork the orc
  4559 | D:6      | Killed Blork the orc
  4864 | D:6      | Found a basalt altar of Yredelemnul.
  4983 | D:6      | Reached skill level 5 in Throwing
  4983 | D:6      | Reached XP level 9. HP: 55/68 MP: 9/9
  5017 | D:6      | Reached skill level 10 in Dodging
  5599 | D:7      | Noticed a hornet
  5605 | D:7      | Killed a hornet
  6709 | D:8      | Reached skill level 11 in Dodging
  6721 | D:8      | Slain by a wight

Illustrated notes

Levels and vault maps discovered:
D:1:      lightli_arrival_isolated_outpost, layout_basic, serial_corexii_hall,
          chequers_hall_statues_y, corexii_hall_statues_i, hex_intersection
D:2:      layout_basic, basic_altar, minivault_27, uniq_jessica
D:3:      layout_basic, general_overflow_altar,
          mainiacjoe_overflow_six_doors_small,
          dreamdust_ecumenical_altar_drowned_temple, uniq_ijyb, uniq_pargi
D:4:      layout_basic, mainiacjoe_overflow_concentric_impassable,
          minmay_temple_entry_enclosed_plants
D:5:      layout_cave_pods, nicolae_qazlal_style_of_elements,
          minmay_shop_grid_forest, uniq_menkaure, uniq_grinder
D:6:      layout_cave_pools, nicolae_yredelemnul_corpse_copse,
          lemuel_crystal_altar, serial_bayou_lake_a, uniq_blork_the_orc
D:7:      layout_loops_cross, nicolae_figureground_sparkle
D:8:      layout_basic, fedhas_altar_2
Temple:   eino_temple_lava

Skill      XL: |  1  2  3  4  5  6  7  8  9 |
---------------+----------------------------+-----
Dodging        | 5 6 7 8 9 11 | 11.0
Fighting       | 3 4 5 6 |  6.3
Polearms       | 5 6 7 8 |  8.2
Throwing       | 3 4 5 |  5.6
Armour         | 1 2 3 |  3.0

Action                     |  1- 3 |  4- 6 |  7- 9 || total
---------------------------+-------+-------+-------++-------
  Melee: Trident           |    86 |   246 |   485 ||   817
         Punch             |       |     3 |     6 ||     9
  Throw: Dart              |       |     2 |    25 ||    27
  Evoke: Wand              |       |     6 |       ||     6
    Use: Potion            |       |     2 |     5 ||     7
         Scroll            |       |       |     4 ||     4
   Stab: Sleeping          |       |     2 |       ||     2
         Distracted        |       |       |     2 ||     2
 Armour: Leather armour    |    16 |    53 |     1 ||    70
         Ring mail         |       |       |   138 ||   138
  Dodge: Dodged            |    46 |   146 |   311 ||   503
  Block: Other             |       |    46 |    98 ||   144
         Reflection        |       |     2 |     2 ||     4

Table legend: (Time is in decaauts)
 A = Elapsed time spent in this place.
 B = Non-inter-level travel time spent in this place.
 C = Inter-level travel time spent in this place.
 D = Time resting spent in this place.
 E = Time spent auto-exploring this place.
 F = Levels seen in this place.
 G = Mean time per level.
                   A        B        C        D        E       F      G
               +--------+--------+--------+--------+--------+-----+--------+
         Total |   6693 |   6437 |    256 |   1274 |   3209 |   9 |  743.7 |
       Dungeon |   6662 |   6406 |    256 |   1274 |   3209 |   8 |  832.8 |
        Temple |     30 |     30 |      0 |      0 |      0 |   1 |   30.0 |
               +--------+--------+--------+--------+--------+-----+--------+

Top non-repeatable levels by time:
     D:5: 1522 daAuts
     D:7: 1157 daAuts
     D:6: 1121 daAuts
     D:1: 768 daAuts
     D:3: 727 daAuts
     D:4: 688 daAuts
     D:2: 651 daAuts
  Temple: 30 daAuts
     D:8: 25 daAuts
